AoeStats
← A Little Bit of Home

Arabian Desert

509616900Analyzed
1v1 RM · 5d ago on Sep 27, 2026· 47m 48s· 2 players
Game mode
Random Map
Map size
Tiny (2 player)
Population
200
Speed
Normal
Resources
Standard
Victory
Conquest
Starting age
Dark Age
Ending age
Imperial Age
RankedLock teamsTeams togetherTeam positionsShared explorationLock speedFull tech treeHidden civsTurbo modeCheats
Victory
Defeat
🇮🇹 Saxons · Italy
1437
+15
🇨🇦 Japanese · Canada
1410
-15
A Little Bit of Home
6:55 Loom
9:47 Feudal Age
9:54 Man-at-Arms
13:48 Fletching
16:17 Horse Collar
18:15 Wheelbarrow
22:48 Castle Age
23:03 Padded Archer Armor
23:05 Double-Bit Axe
23:49 Bodkin Arrow
23:34 Elite Skirmisher
24:35 Leather Archer Armor
27:39 Scale Barding Armor
28:03 Bloodlines
31:11 Sanctity
30:23 Long Swordsman
39:04 Imperial Age
38:24 Scale Mail Armor
38:13 Gambesons
40:08 Conscription
40:39 Thumb Ring
42:41 Bracer
43:11 Crossbowman
45:02 Ring Archer Armor
44:06 Arbalester
45:39 Ballistics
48:54 Chemistry
Giova
7:25 Loom
9:33 Feudal Age
10:29 Double-Bit Axe
12:47 Fletching
15:56 Padded Archer Armor
23:25 Castle Age
21:33 Scale Mail Armor
22:08 Horse Collar
22:32 Gold Mining
22:16 Man-at-Arms
23:08 Forging
23:28 Long Swordsman
24:09 Squires
24:59 Bow Saw
25:03 Gambesons
26:32 Chain Mail Armor
27:23 Arson
30:17 Bodkin Arrow
30:02 Crossbowman
31:26 Heavy Plow
34:36 Iron Casting
40:20 Imperial Age
38:26 Wheelbarrow
37:37 Town Watch
38:19 Ballistics
39:24 Hand Cart
39:50 Gold Shaft Mining
41:06 Bracer
42:22 Chemistry
41:45 Thumb Ring
43:15 Elite Varangian Guard
45:13 Plate Mail Armor
45:06 Conscription
44:18 Shield Wall
46:01 Siege Engineers
45:56 Two-Handed Swordsman
46:09 Arbalester
Connection lost

Rejoining the realm…

Still unreachable

The connection could not be restored.

Session expired

The server has moved on; the page needs a fresh start.